 Dungeon Crawl Stone Soup version 0.30-a0-862-g1aabd4f9c5 (webtiles) character file.

Game seed: 9493072737005005042

2003 qeuew the Conjurer (level 9, -1/72 HPs)
             Began as a Demonspawn Reaver on Mar 9, 2023.
             Killed from afar by an electric eel (11 damage)
             ... with a bolt of electricity
             ... on level 7 of the Dungeon.
             The game lasted 00:09:08 (6742 turns).

qeuew the Conjurer (Demonspawn Reaver)              Turns: 6742, Time: 00:09:09

Health: -1/72      AC:  8    Str: 16    XL:     9   Next: 2%
Magic:  9/15       EV: 13    Int: 15    God:
Gold:   284        SH:  0    Dex: 12    Spells: 5/16 levels left

rFire   . . .      SeeInvis .    a - +0 hand axe
rCold   + . .      Faith    .    (no shield)
rNeg    . . .      Spirit   .    b - +1 leather armour
rPois   .          Reflect  .    (no helmet)
rElec   .          Rampage  .    (no cloak)
rCorr   .                        (gloves unavailable)
Will    .....                    (no boots)
Stlth   +                        s - amulet of regeneration
HPRegen 1.12/turn                (no ring)
MPRegen 0.14/turn                (no ring)

@: no status effects
A: icy blue scales 3, demonic touch 3, passive freeze, robust 1
a: no special abilities


You were on level 7 of the Dungeon.
You visited 2 branches of the dungeon, and saw 8 of its levels.
You also visited: Sewer.

You collected 284 gold pieces.

Inventory:

Hand Weapons
 a - a +0 hand axe (weapon)
Missiles
 h - 2 throwing nets
Armour
 b - a +1 leather armour (worn)
Jewellery
 s - an amulet of regeneration (around neck)
Wands
 d - a wand of iceblast (13)
 l - a wand of flame (11)
 o - a wand of charming (5)
Scrolls
 g - a scroll of enchant armour
 i - 4 scrolls of teleportation
 m - 2 scrolls of fog
 n - a scroll of acquirement
Potions
 c - 6 potions of flight
 e - a potion of curing
 f - 2 potions of mutation
 p - 2 potions of might
 q - a potion of brilliance


   Skills:
 + Level 4.7 Fighting
 + Level 4.9 Axes
 + Level 3.6 Armour
 + Level 4.2 Dodging
 + Level 4.2 Spellcasting
 + Level 5.4 Conjurations
 + Level 1.4 Fire Magic
 + Level 3.9 Evocations


You had 5 spell levels left.
You knew the following spells:

 Your Spells              Type           Power      Damage    Failure   Level
a - Kiss of Death         Conj/Necr      44%        2d8       7%          1
b - Magic Dart            Conj           76%        1d6       2%          1
c - Hailstorm             Conj/Ice       11%        3d5       21%         3
d - Starburst             Conj/Fire      6%         6d4       100%        6

Your spell library contained the following spells:

 Spells                   Type           Power      Damage    Failure   Level
 Searing Ray              Conj           38%        2d5       3%          2
 Momentum Strike          Conj/Tloc      22%        3d8       11%         2
 Dazzling Flash           Conj/Hex       22%        N/A       21%         3
 Necrotise                Necr           12%        1d4       22%         1
 Mephitic Cloud           Conj/Pois/Air  8%         N/A       30%         3
 Call Imp                 Summ           3%         N/A       32%         2
 Vampiric Draining        Necr           3%         2d6       54%         3
 Fulminant Prism          Conj/Hex       5%         3d7       56%         4
 Iskenderun's Mystic Bla  Conj/Tloc      11%        2d4       56%         4
 Ice Form                 Ice/Tmut       3%         N/A       91%         4
 Agony                    Necr           3%         N/A       99%         5
 Simulacrum               Ice/Necr       1%         N/A       100%        6


Dungeon Overview and Level Annotations

Branches:
Dungeon (7/15)             Temple (1/1) D:7           Sewer (visited)

Altars:
Ashenzari
Cheibriados
Dithmenos
Gozag
Kikubaaqudgha
Qazlal
Ru
Sif Muna
Uskayaw
Wu Jian
Yredelemnul

Shops:
D:1 :   D:2 (:=(

Annotations:
D:5 2 transporters, luigi's ghost, novice DsNe


Innate Abilities, Weirdness & Mutations

You are completely covered in icy blue scales. (AC +4, rC+)
Your touch may irresistibly damage your foes and sap their willpower.
A frigid envelope surrounds you and freezes all who hurt you.
You are robust. (+10% HP)


Message History

Increase (S)trength, (I)ntelligence, or (D)exterity?
You feel stronger. x2; Your demonic ancestry asserts itself...
Your hands twist and begin to emit a powerful aura of unholy energy.
You are too injured to fight recklessly!
You are too injured to fight recklessly!
You are too injured to fight recklessly!
You are too injured to fight recklessly!
You are too injured to fight recklessly!
Unknown command.
The electric eel shoots out a bolt of lightning at you!
The bolt of electricity hits you!
* * * LOW HITPOINT WARNING * * *
The electric eel shoots out a bolt of lightning at you!
The bolt of electricity hits you!
* * * LOW HITPOINT WARNING * * *
You see here 17 gold pieces.
You miss the electric eel.
The electric eel is heavily wounded.
The electric eel shoots out a bolt of lightning at you!
The bolt of electricity hits you!
* * * LOW HITPOINT WARNING * * *
You feel better.
You hit the electric eel.
The electric eel is severely wounded.
The electric eel shoots out a bolt of lightning at you!
The bolt of electricity misses you.
You hit the electric eel but do no damage.
Your touch misses the electric eel.
The electric eel is severely wounded.
You barely miss the electric eel. Your touch misses the electric eel.
The electric eel is severely wounded.
The electric eel shoots out a bolt of lightning at you!
The bolt of electricity hits you!
* * * LOW HITPOINT WARNING * * *
You feel better.
You barely miss the electric eel.
The electric eel is severely wounded.
The electric eel shoots out a bolt of lightning at you!
The bolt of electricity hits you!
You die...

.##........#####
.#########.....##.≈≈≈≈
.# #####..#.≈.. .#
#########..#.≈.# .#
#.........##.≈.# ..
###.#.....### .≈.# ..
......P...####.≈.# ..
##..PP>....#.≈.#
.......P.P#..@S.#
##...P...P##..≈.#
.....###......≈.#
..... ###.<..≈.# ..:.
#.#..≈.!. ...
..##.≈≈≈≈≈ #.#
###......... ........


You could see an electric eel.

Vanquished Creatures
  Edmund (D:5)
  Duvessa (D:5)
  2 water moccasins
  An ogre (D:5)
  An orc warrior (D:6)
  A black bear (D:5)
  An ice beast (D:5)
  3 phantoms
  A kobold brigand (D:6)
  2 scorpions
  Dowan (D:5)
  An orc priest (D:5)
  3 hounds
  A jelly (D:6)
  5 iguanas
  3 orc wizards
  Robin (D:2)
  3 gnolls (D:3)
  18 adders
  3 river rats (Sewer)
  An ufetubus (D:5)
  6 worms
  A dart slug (D:1)
  23 orcs
  12 bats
  7 endoplasms
  6 giant cockroaches
  12 goblins
  12 hobgoblins
  5 jackals
  6 quokkas
  7 ball pythons
  5 frilled lizards
  5 kobolds
  3 rats
164 creatures vanquished.

Vanquished Creatures (others)
  2 plants (D:7)
2 creatures vanquished.

Grand Total: 166 creatures vanquished

Notes
Turn   | Place    | Note
-------+----------+-------------------------------------------
     0 | D:1      | qeuew the Demonspawn Reaver began the quest for the Orb.
     0 | D:1      | Reached XP level 1. HP: 16/16 MP: 3/3
   198 | D:1      | Found Tuvuwn's Book Emporium.
   247 | D:1      | Gained mutation: Your touch may inflict minor irresistible
                  | damage on your foes. [demonic ancestry]
   247 | D:1      | Reached XP level 2. HP: 22/22 MP: 5/5
   486 | D:1      | Learned a level 1 spell: Magic Dart
   854 | D:1      | Gained mutation: A frigid envelope surrounds you and
                  | freezes all who hurt you. [potion of mutation]
   854 | D:1      | Gained mutation: You are robust. (+10% HP) [potion of
                  | mutation]
  1012 | D:2      | Gained mutation: You are partially covered in icy blue
                  | scales. (AC +2) [demonic ancestry]
  1012 | D:2      | Reached XP level 3. HP: 24/29 MP: 1/6
  1137 | D:2      | Found Ilewo's Antique Weapon Boutique.
  1160 | D:2      | Noticed Robin
  1172 | D:2      | Killed Robin
  1178 | D:2      | Gained mutation: You are mostly covered in icy blue scales.
                  | (AC +3) [demonic ancestry]
  1178 | D:2      | Reached XP level 4. HP: 21/37 MP: 4/7
  1519 | D:2      | Found Rerop's Weapon Shop.
  1642 | D:2      | Found Birol's Jewellery Emporium.
  1835 | D:2      | Found Nirghuo's Book Shop.
  1949 | D:2      | Learned a level 3 spell: Hailstorm
  2237 | D:3      | Reached skill level 1 in Armour
  2381 | D:3      | Reached skill level 1 in Evocations
  2946 | D:4      | Gained mutation: You are completely covered in icy blue
                  | scales. (AC +4, rC+) [demonic ancestry]
  2946 | D:4      | Reached XP level 5. HP: 42/42 MP: 5/8
  2982 | D:4      | Found a glowing drain.
  2996 | Sewer    | Entered a sewer
  3484 | Sewer    | Reached XP level 6. HP: 49/51 MP: 3/10
  4446 | D:4      | Reached skill level 4 in Conjurations
  4578 | D:4      | Found an ornate altar of the Wu Jian Council.
  4735 | D:5      | Entered Level 5 of the Dungeon
  4757 | D:5      | Noticed a water moccasin
  4767 | D:5      | Killed a water moccasin
  4768 | D:5      | Reached XP level 7. HP: 31/57 MP: 2/11
  4787 | D:5      | Noticed Edmund
  4796 | D:5      | Killed Edmund
  4994 | D:5      | Noticed Dowan
  4994 | D:5      | Noticed Duvessa
  5004 | D:5      | Killed Duvessa
  5013 | D:5      | Killed Dowan
  5014 | D:5      | Gained mutation: Your touch may inflict irresistible damage
                  | on your foes. [demonic ancestry]
  5014 | D:5      | Reached XP level 8. HP: 25/66 MP: 13/13
  5582 | D:5      | Found a transporter.
  5582 | D:5      | Noticed luigi's ghost (novice DsNe)
  5583 | D:5      | Found a transporter.
  5627 | D:5      | Learned a level 6 spell: Starburst
  5655 | D:5      | Reached skill level 5 in Conjurations
  5716 | D:5      | Identified a scroll of acquirement
  6202 | D:6      | Reached skill level 1 in Fire Magic
  6438 | D:7      | Found a staircase to the Ecumenical Temple.
  6450 | Temple   | Entered the Ecumenical Temple
  6734 | D:7      | Gained mutation: Your touch may irresistibly damage your
                  | foes and sap their willpower. [demonic ancestry]
  6734 | D:7      | Reached XP level 9. HP: 26/72 MP: 8/15
  6736 | D:7      | HP: 1/72 [electric eel/bolt of electricity (9)]
  6742 | D:7      | Killed from afar by an electric eel

Illustrated notes

Levels and vault maps discovered:
D:1:      reono_arrival_forest_river, layout_basic, serial_shops, shop
D:2:      layout_basic, serial_shops, nicolae_shop_hallway_plus,
          nicolae_lakefront_shop, shop_statue, shop_statue, uniq_robin
D:3:      layout_loops_ring, grunt_ministairs_10
D:4:      minmay_diamond_boxcup, layout_rooms, pdpol_wu_jian_five_deadly_venoms,
          portal_sewer_entry_f
D:5:      layout_rooms, gammafunk_ghost_smash, patterned_corridor, uniq_edmund,
          uniq_duvessa
D:6:      layout_rooms, bh_walls_and_bars
D:7:      layout_rooms, lemuel_crystal_altar, nicolae_overflow_squiral,
          minmay_temple_entry_overgrown
Temple:   nicolae_temple_bog_church

Skill      XL: |  1  2  3  4  5  6  7  8 |
---------------+-------------------------+-----
Dodging        | 2 3 4 |  4.2
Axes           | 3 4 |  4.9
Armour         | 1 2 3 |  3.6
Evocations     | 1 2 3 |  3.9
Fighting       | 3 4 |  4.7
Spellcasting   | 3 4 |  4.2
Conjurations   | 4 5 |  5.4
Fire Magic     | 1 |  1.4

Action                     |  1- 3 |  4- 6 |  7- 9 || total
---------------------------+-------+-------+-------++-------
  Melee: Hand axe          |    70 |    66 |   125 ||   261
         Touch             |     4 |    10 |    24 ||    38
         Punch             |       |       |     4 ||     4
   Cast: Magic Dart        |    17 |   143 |    20 ||   180
    Use: Potion            |     4 |     2 |     5 ||    11
         Scroll            |     1 |     8 |     5 ||    14
 Armour: Leather armour    |    28 |    46 |    47 ||   121
  Dodge: Dodged            |    50 |    85 |    79 ||   214

Table legend: (Time is in decaauts)
 A = Elapsed time spent in this place.
 B = Non-inter-level travel time spent in this place.
 C = Inter-level travel time spent in this place.
 D = Time resting spent in this place.
 E = Time spent auto-exploring this place.
 F = Levels seen in this place.
 G = Mean time per level.
                   A        B        C        D        E       F      G
               +--------+--------+--------+--------+--------+-----+--------+
         Total |   6985 |   6851 |    134 |      0 |   5740 |   9 |  776.1 |
       Dungeon |   5514 |   5391 |    123 |      0 |   4605 |   7 |  787.7 |
        Temple |    175 |    165 |     10 |      0 |    156 |   1 |  175.0 |
         Sewer |   1295 |   1295 |      0 |      0 |    979 |   1 | 1295.0 |
               +--------+--------+--------+--------+--------+-----+--------+

Top non-repeatable levels by time:
   Sewer: 1295 daAuts
     D:2: 1087 daAuts
     D:5: 1016 daAuts
     D:3: 990 daAuts
     D:1: 882 daAuts
     D:4: 696 daAuts
     D:6: 672 daAuts
  Temple: 175 daAuts
     D:7: 169 daAuts
